| TOP OF THE 1ST |
|
Chicago White Sox batting - Pitching for Tampa Bay Rays : RHP Orlando Estrada
|
|
Pitching: RHP Orlando Estrada
|
|
|
Batting: RHB Byron Buxton
|
0-0: Called Strike 0-1: Ball 1-1: Fly out, F3 (Popup, 3F, EV 65.6 MPH)
|
|
Batting: LHB Jace Peterson
|
0-0: Called Strike 0-1: Ground out 4-3 (Groundball, 4, EV 100.6 MPH)
|
|
Batting: LHB Ji-man Choi
|
0-0: Foul Ball, location: 5FF 0-1: Swinging Strike 0-2: Foul Ball, location: 5SF 0-2: Ball 1-2: DOUBLE (Line Drive, 89M, EV 98.8 MPH)
|
|
Batting: RHB Wendell Rijo
|
0-0: Called Strike 0-1: Ground out U3 (Groundball, 3L, EV 81.3 MPH)
|
| Top of the 1st over - 0 runs, 1 hit, 0 errors, 1 left on base; Chicago 0 - Tampa Bay 0 |
| BOTTOM OF THE 1ST |
|
Tampa Bay Rays batting - Pitching for Chicago White Sox : RHP José Castaneda
|
|
Pitching: RHP José Castaneda
|
|
|
Batting: LHB Bob Hoffman
|
0-0: Called Strike 0-1: Ground out 6-3 (Groundball, 6M, EV 78.1 MPH)
|
|
Batting: RHB Lonnie Burke
|
0-0: Ball 1-0: Foul Ball, location: 5SF 1-1: Called Strike 1-2: Fly out, F7 (Line Drive, 7S, EV 90.6 MPH)
|
|
Batting: SHB Arturo Franco
|
0-0: Ball 1-0: Foul Ball, location: 7LMF 1-1: Fly out, F6 (Popup, 6S, EV 83.1 MPH)
|
| Bottom of the 1st over - 0 runs, 0 hits, 0 errors, 0 left on base; Chicago 0 - Tampa Bay 0 |
| TOP OF THE 2ND |
|
Chicago White Sox batting - Pitching for Tampa Bay Rays : RHP Orlando Estrada
|
|
Batting: SHB Luis Mejia
|
0-0: Foul Ball, location: 2F 0-1: Fly out, F8 (Line Drive, 8RS, EV 97.5 MPH)
|
|
Batting: LHB Raúl Ruíz
|
0-0: Fly out, F8 (Flyball, 8LD, EV 106.3 MPH)
|
|
Batting: RHB Juan Ramos
|
0-0: Foul Ball, location: 5FF 0-1: Foul Ball, location: 9LSF 0-2: Ball 1-2: Foul Ball, location: 9LDF 1-2: Ball 2-2: Strikes out swinging
|
| Top of the 2nd over - 0 runs, 0 hits, 0 errors, 0 left on base; Chicago 0 - Tampa Bay 0 |
| BOTTOM OF THE 2ND |
|
Tampa Bay Rays batting - Pitching for Chicago White Sox : RHP José Castaneda
|
|
Batting: LHB Dan Mitchell
|
0-0: Foul Ball, location: 2F 0-1: Ball 1-1: Swinging Strike 1-2: Strikes out swinging
|
|
Batting: RHB Joe Engram
|
0-0: Ball 1-0: SOLO HOME RUN (Flyball, 7D, EV 103.8 MPH), Distance : 413 ft
|
|
Batting: SHB Chris von Mayer
|
0-0: Foul Ball, location: 9LMF 0-1: Foul Ball, location: 23F 0-2: Ball 1-2: Ball 2-2: Foul Ball, location: 23F 2-2: Ball 3-2: Foul Ball, location: 9LSF 3-2: DOUBLE (Line Drive, 78XD, EV 109.4 MPH)
|
|
Batting: RHB Dylan Veeck
|
0-0: Ball 1-0: Called Strike 1-1: Ball 2-1: Ball 3-1: Foul Ball, location: 2F 3-2: Strikes out swinging
|
|
Batting: RHB Luis Cardenas
|
0-0: Ball 1-0: Ball 2-0: Ball 3-0: Base on Balls
|
|
Batting: RHB Adrian Rondon
|
0-0: SINGLE (Groundball, 4MD, EV 101.3 MPH) Chris von Mayer to third Luis Cardenas to second
|
|
Batting: LHB Bob Hoffman
|
0-0: Fly out, F6 (Popup, 56, EV 56.3 MPH)
|
| Bottom of the 2nd over - 1 run, 3 hits, 0 errors, 3 left on base; Chicago 0 - Tampa Bay 1 |
| TOP OF THE 3RD |
|
Chicago White Sox batting - Pitching for Tampa Bay Rays : RHP Orlando Estrada
|
|
Batting: LHB Orlando Silva
|
0-0: Called Strike 0-1: Ball 1-1: Ball 2-1: Ball 3-1: Base on Balls
|
|
Batting: RHB Sancho Colón
|
0-0: Sac Bunt to 5S - play at first, batter OUT! 5-3 Orlando Silva to second
|
|
Batting: RHB Byron Buxton
|
0-0: DOUBLE (Flyball, 7D, EV 96.3 MPH) Orlando Silva scores
|
|
Batting: LHB Jace Peterson
|
0-0: Called Strike 0-1: Swinging Strike 0-2: Ball 1-2: Strikes out swinging
|
|
Batting: LHB Ji-man Choi
|
0-0: Ball 1-0: Swinging Strike 1-1: Ball 2-1: Called Strike 2-2: Ground out 6-3 (Groundball, 6, EV 93.8 MPH)
|
| Top of the 3rd over - 1 run, 1 hit, 0 errors, 1 left on base; Chicago 1 - Tampa Bay 1 |
| BOTTOM OF THE 3RD |
|
Tampa Bay Rays batting - Pitching for Chicago White Sox : RHP José Castaneda
|
|
Batting: RHB Lonnie Burke
|
0-0: Called Strike 0-1: Foul Ball, location: 23F 0-2: Strikes out looking
|
|
Batting: SHB Arturo Franco
|
0-0: Swinging Strike 0-1: Foul Ball, location: 3F 0-2: Ball 1-2: Foul Ball, location: 2F 1-2: Foul Ball, location: 2F 1-2: Ball 2-2: Ball 3-2: Base on Balls
|
|
Batting: LHB Dan Mitchell
|
0-0: Ball 1-0: Ball 2-0: Foul Ball, location: 2F 2-1: Swinging Strike 2-2: Foul Ball, location: 2F 2-2: Foul Ball, location: 23F 2-2: Foul Ball, location: 2F 2-2: Foul Ball, location: 2F 2-2: Fly out, F7 (Flyball, 7, EV 91.3 MPH)
|
|
Pitching: RHP Pete Keating
|
|
|
Batting: RHB Joe Engram
|
0-0: Ball 1-0: Ball 2-0: Ball 3-0: Base on Balls Arturo Franco to second
|
|
Batting: SHB Chris von Mayer
|
0-0: Fly out, F7 (Line Drive, 7, EV 85.0 MPH)
|
| Bottom of the 3rd over - 0 runs, 0 hits, 0 errors, 2 left on base; Chicago 1 - Tampa Bay 1 |
| TOP OF THE 4TH |
|
Chicago White Sox batting - Pitching for Tampa Bay Rays : RHP Orlando Estrada
|
|
Batting: RHB Wendell Rijo
|
0-0: Ball 1-0: Foul Ball, location: 2F 1-1: Ground out 4-3 (Groundball, 4, EV 100.6 MPH)
|
|
Batting: SHB Luis Mejia
|
0-0: Ball 1-0: Called Strike 1-1: Ball 2-1: Swinging Strike 2-2: Ground out U3 (Groundball, 34S, EV 86.9 MPH)
|
|
Batting: LHB Raúl Ruíz
|
0-0: Ball 1-0: Fly out, F8 (Flyball, 89D, EV 99.4 MPH)
|
| Top of the 4th over - 0 runs, 0 hits, 0 errors, 0 left on base; Chicago 1 - Tampa Bay 1 |
| BOTTOM OF THE 4TH |
|
Tampa Bay Rays batting - Pitching for Chicago White Sox : RHP Pete Keating
|
|
Pitching: RHP Yeferson Ardiles
|
|
|
Batting: RHB Dylan Veeck
|
0-0: Ball 1-0: Ball 2-0: Ball 3-0: Called Strike 3-1: Foul Ball, location: 25F 3-2: Strikes out swinging
|
|
Batting: RHB Luis Cardenas
|
0-0: Called Strike 0-1: DOUBLE (Flyball, 9LD, EV 105.6 MPH) - OUT at third base trying to stretch hit.
|
|
Batting: RHB Adrian Rondon
|
0-0: Ball 1-0: SINGLE (Groundball, 56D, EV 97.5 MPH)
|
|
Batting: LHB Bob Hoffman
|
0-0: Ball 1-0: SINGLE (Line Drive, 8LS, EV 91.3 MPH) Adrian Rondon to second Runner from 2nd tries for 3rd, SAFE, throw by CF made to third
|
|
Batting: RHB Lonnie Burke
|
0-0: Swinging Strike 0-1: Fielders Choice at 2nd, 5-4 (Groundball, 56, EV 103.8 MPH)
|
| Bottom of the 4th over - 0 runs, 3 hits, 0 errors, 2 left on base; Chicago 1 - Tampa Bay 1 |
| TOP OF THE 5TH |
|
Chicago White Sox batting - Pitching for Tampa Bay Rays : RHP Orlando Estrada
|
|
Pitching: RHP Hugh Taylor
|
|
|
Now at C: Osvaldo Leme
|
|
|
Now at 1B: Joey Bowen
|
|
|
Now in LF: Eric Cox
|
|
|
Batting: RHB Juan Ramos
|
0-0: Called Strike 0-1: SINGLE (Groundball, 6M, EV 101.3 MPH) (infield hit)
|
|
Batting: LHB Orlando Silva
|
0-0: Ball 1-0: Called Strike 1-1: Swinging Strike 1-2: Foul Ball, location: 2RF 1-2: Fly out, F9 (Flyball, 9LD, EV 95.6 MPH)
|
|
Batting: RHB Sancho Colón
|
0-0: Bunt missed! 0-1: Bunted foul 0-2: Ball Pickoff Throw to First - Out! 1-3 CS 1-2: Foul Ball, location: 3DF 1-2: Ball 2-2: Ball 3-2: Foul Ball, location: 5SF 3-2: Base on Balls
|
|
Batting: RHB Byron Buxton
|
0-0: Called Strike 0-1: Swinging Strike 0-2: Ball 1-2: SINGLE (Groundball, 6, EV 89.4 MPH) Sancho Colón to second Runner from 2nd tries for 3rd, SAFE, throw by CF made to third Byron Buxton to second
|
|
Batting: LHB Jace Peterson
|
0-0: Foul Ball, location: 7LSF 0-1: Ball 1-1: Ball 2-1: Ball 3-1: Base on Balls
|
|
Batting: RHB Glen Wilkins
|
0-0: Called Strike 0-1: Ball 1-1: Ball 2-1: Swinging Strike 2-2: Foul Ball, location: 2F 2-2: Ball 3-2: Base on Balls Sancho Colón scores Byron Buxton to third Jace Peterson to second
|
|
Pitching: RHP Dan Gardner
|
|
|
Batting: RHB Wendell Rijo
|
0-0: Called Strike 0-1: Ball 1-1: Ball 2-1: SINGLE (Line Drive, 78S, EV 100.0 MPH) Byron Buxton scores Jace Peterson to third Glen Wilkins to second Runner from 3rd tries for Home, SAFE, throw by LF to home
|
|
Pinch Hitting: RHB Wes Stevens
|
0-0: Ball 1-0: Foul Ball, location: 2F 1-1: Fly out, F9 (Flyball, 9LS, EV 93.8 MPH)
|
| Top of the 5th over - 3 runs, 3 hits, 0 errors, 2 left on base; Chicago 4 - Tampa Bay 1 |
| BOTTOM OF THE 5TH |
|
Tampa Bay Rays batting - Pitching for Chicago White Sox : RHP Yeferson Ardiles
|
|
Pitching: RHP Steve Peters
|
|
|
Now at 3B: Wes Stevens
|
|
|
Now in LF: Raúl Ruíz
|
|
|
Now in CF: Ben Daugherty
|
|
|
Pinch Hitting: RHB Enrico Vázquez
|
0-0: Ball 1-0: Ball 2-0: Called Strike 2-1: Ball 3-1: Base on Balls
|
|
Batting: LHB Eric Cox
|
0-0: Called Strike 0-1: Called Strike 0-2: Ball 1-2: Foul Ball, location: 2F 1-2: Fielders Choice at 2nd, 4-6 (Groundball, 34, EV 110.0 MPH)
|
|
Batting: RHB Bobby Davenport
|
0-0: Ball 1-0: Fly out, F8 (Flyball, 78S, EV 88.8 MPH)
|
|
Batting: LHB Joey Bowen
|
0-0: Fly out, F7 (Line Drive, 7S, EV 86.3 MPH)
|
| Bottom of the 5th over - 0 runs, 0 hits, 0 errors, 1 left on base; Chicago 4 - Tampa Bay 1 |
| TOP OF THE 6TH |
|
Chicago White Sox batting - Pitching for Tampa Bay Rays : RHP Dan Gardner
|
|
Now at 2B: Adrian Rondon
|
|
|
Now at SS: Enrico Vázquez
|
|
|
Now in CF: Jesús Pacheco
|
|
|
Pinch Hitting: RHB Alfredo Martínez
|
0-0: Ball 1-0: Ball 2-0: Fly out, F9 (Flyball, 89M, EV 91.3 MPH)
|
|
Pinch Hitting: RHB Yeltsin Gudino
|
0-0: Called Strike 0-1: Swinging Strike 0-2: Ball 1-2: Foul Ball, location: 2F 1-2: Strikes out swinging
|
|
Batting: RHB Ben Daugherty
|
0-0: Called Strike 0-1: Ball 1-1: Called Strike 1-2: Ball 2-2: Foul Ball, location: 23F 2-2: Ball 3-2: Foul Ball, location: 25F 3-2: Strikes out looking
|
| Top of the 6th over - 0 runs, 0 hits, 0 errors, 0 left on base; Chicago 4 - Tampa Bay 1 |
| BOTTOM OF THE 6TH |
|
Tampa Bay Rays batting - Pitching for Chicago White Sox : RHP Steve Peters
|
|
Pitching: LHP T.J. Adams
|
|
|
Now at 1B: Pepe Gómez
|
|
|
Now at 2B: Jace Peterson
|
|
|
Now at SS: Yeltsin Gudino
|
|
|
Now in LF: Alfredo Martínez
|
|
|
Pinch Hitting: RHB Randy Allen
|
0-0: Foul Ball, location: 2F 0-1: SINGLE (Groundball, 34D, EV 98.1 MPH)
|
|
Batting: RHB Jesús Pacheco
|
0-0: SINGLE (Line Drive, 6MD, EV 104.4 MPH) Randy Allen to second
|
|
Pinch Hitting: RHB Ismael Ramírez
|
0-0: Ball 1-0: Foul Ball, location: 5FF 1-1: Foul Ball, location: 9LMF 1-2: Ball 2-2: Ball 3-2: Foul Ball, location: 5F 3-2: Foul Ball, location: 9LDF 3-2: 3-RUN HOME RUN (Flyball, 8RXD, EV 110.0 MPH), Distance : 452 ft
|
|
Pitching: RHP Jimmy Stanley
|
|
|
Pinch Hitting: LHB Sam Bove
|
0-0: Ball 1-0: Fly out, F8 (Line Drive, 78M, EV 86.9 MPH)
|
|
Batting: SHB Osvaldo Leme
|
0-0: Called Strike 0-1: Foul Ball, location: 25F 0-2: Ball 1-2: Ball 2-2: Ball 3-2: DOUBLE (Line Drive, 7LD, EV 96.3 MPH)
|
|
Batting: RHB Enrico Vázquez
|
0-0: Called Strike 0-1: Foul Ball, location: 2F 0-2: Ball 1-2: Strikes out swinging
|
|
Batting: LHB Eric Cox
|
0-0: Called Strike 0-1: Ball 1-1: Ball 2-1: Ball 3-1: Base on Balls
|
|
Batting: RHB Bobby Davenport
|
0-0: Ground out 6-3 (Groundball, 6D, EV 109.4 MPH)
|
| Bottom of the 6th over - 3 runs, 4 hits, 0 errors, 2 left on base; Chicago 4 - Tampa Bay 4 |
| TOP OF THE 7TH |
|
Chicago White Sox batting - Pitching for Tampa Bay Rays : RHP Dan Gardner
|
|
Pitching: LHP Cisco Domínguez
|
|
|
Now at 2B: Ismael Ramírez
|
|
|
Now at 3B: Norbert Hernández
|
|
|
Now in RF: Dave Lacy
|
|
|
Batting: RHB Sancho Colón
|
0-0: Ball 1-0: Called Strike 1-1: Ball 2-1: Foul Ball, location: 2LF 2-2: Foul Ball, location: 2F 2-2: Fly out, F7 (Flyball, 78S, EV 95.6 MPH)
|
|
Pinch Hitting: LHB António García
|
0-0: Swinging Strike 0-1: Ball 1-1: Foul Ball, location: 9LSF 1-2: Ground out U3 (Groundball, 3, EV 100.0 MPH)
|
|
Pinch Hitting: RHB Felix Mercedes
|
0-0: Ball 1-0: Foul Ball, location: 5F 1-1: Foul Ball, location: 5F 1-2: Strikes out swinging
|
| Top of the 7th over - 0 runs, 0 hits, 0 errors, 0 left on base; Chicago 4 - Tampa Bay 4 |
| BOTTOM OF THE 7TH |
|
Tampa Bay Rays batting - Pitching for Chicago White Sox : RHP Jimmy Stanley
|
|
Now at 2B: Yeltsin Gudino
|
|
|
Now at 3B: Felix Mercedes
|
|
|
Now at SS: Wes Stevens
|
|
|
Now in RF: António García
|
|
|
Batting: LHB Joey Bowen
|
0-0: Called Strike 0-1: Ball 1-1: Fly out, F8 (Flyball, 8LD, EV 101.9 MPH)
|
|
Batting: RHB Dave Lacy
|
0-0: Foul Ball, location: 9LDF 0-1: Ball 1-1: Swinging Strike 1-2: Foul Ball, location: 2LF 1-2: Ball 2-2: Foul Ball, location: 2F 2-2: Ball 3-2: Base on Balls
|
|
Batting: RHB Jesús Pacheco
|
0-0: Fly out, F2 (Popup, 2RF, EV 81.9 MPH)
|
|
Batting: RHB Ismael Ramírez
|
0-0: Ball 1-0: Ball 2-0: Ball 3-0: Base on Balls Dave Lacy to second
|
|
Pinch Hitting: LHB Jorge Ortíz
|
0-0: Ball 1-0: Called Strike 1-1: Fielders Choice at 2nd, U6 (Groundball, 6M, EV 86.3 MPH)
|
| Bottom of the 7th over - 0 runs, 0 hits, 0 errors, 2 left on base; Chicago 4 - Tampa Bay 4 |
| TOP OF THE 8TH |
|
Chicago White Sox batting - Pitching for Tampa Bay Rays : LHP Cisco Domínguez
|
|
Pitching: RHP Héctor Saldaña
|
|
|
Now at 3B: Jeff Lee
|
|
|
Batting: RHB Glen Wilkins
|
0-0: Fly out, F9 (Line Drive, 9, EV 83.8 MPH)
|
|
Batting: LHB Pepe Gómez
|
0-0: SINGLE (Line Drive, 56D, EV 95.0 MPH)
|
|
Batting: RHB Wes Stevens
|
0-0: Foul Ball, location: 5F 0-1: Foul Ball, location: 2F 0-2: Ball 1-2: Foul Ball, location: 5F 1-2: Ball 2-2: Foul Ball, location: 2F 2-2: Strikes out swinging
|
|
Batting: RHB Alfredo Martínez
|
0-0: Foul Ball, location: 2F 0-1: Foul Ball, location: 2F 0-2: Fly out, F9 (Line Drive, 9S, EV 106.9 MPH)
|
| Top of the 8th over - 0 runs, 1 hit, 0 errors, 1 left on base; Chicago 4 - Tampa Bay 4 |
| BOTTOM OF THE 8TH |
|
Tampa Bay Rays batting - Pitching for Chicago White Sox : RHP Jimmy Stanley
|
|
Pitching: RHP Emilio Ferrebus
|
|
|
Batting: SHB Osvaldo Leme
|
0-0: Fly out, F7 (Flyball, 78D, EV 108.1 MPH)
|
|
Batting: RHB Enrico Vázquez
|
0-0: Foul Ball, location: 2F 0-1: Called Strike 0-2: Ball 1-2: Ball 2-2: Ball 3-2: Base on Balls
|
|
Batting: LHB Eric Cox
|
0-0: Ball Enrico Vázquez steals 2nd base 1-0: Swinging Strike 1-1: Called Strike 1-2: Ball 2-2: Ball 3-2: Fly out, F8 (Flyball, 8LXD, EV 98.1 MPH)
|
|
Batting: RHB Buster Posey
|
0-0: Swinging Strike 0-1: Ball 1-1: Ground out 6-3 (Groundball, 6, EV 83.1 MPH)
|
| Bottom of the 8th over - 0 runs, 0 hits, 0 errors, 1 left on base; Chicago 4 - Tampa Bay 4 |
| TOP OF THE 9TH |
|
Chicago White Sox batting - Pitching for Tampa Bay Rays : RHP Héctor Saldaña
|
|
Pitching: RHP Chad Maynard
|
|
|
Batting: RHB Yeltsin Gudino
|
0-0: Ball 1-0: Ball 2-0: Fly out, F8 (Line Drive, 8LM, EV 85.0 MPH)
|
|
Batting: RHB Ben Daugherty
|
0-0: Ball 1-0: Ball 2-0: Foul Ball, location: 9LSF 2-1: Ball 3-1: SINGLE (Groundball, 4M, EV 83.1 MPH) (infield hit)
|
|
Pinch Hitting: SHB Mike Hurt
|
0-0: Called Strike 0-1: Sac Bunt to 15 - play at first, batter OUT! 1-3 Ben Daugherty to second
|
|
Batting: LHB António García
|
0-0: Ball 1-0: Ground out U3 (Groundball, 3, EV 82.5 MPH)
|
| Top of the 9th over - 0 runs, 1 hit, 0 errors, 1 left on base; Chicago 4 - Tampa Bay 4 |
| BOTTOM OF THE 9TH |
|
Tampa Bay Rays batting - Pitching for Chicago White Sox : RHP Emilio Ferrebus
|
|
Pitching: RHP Dave Smiley
|
|
|
Now at C: Mike Hurt
|
|
|
Pinch Hitting: RHB Artie McGee
|
0-0: Ball 1-0: Ball 2-0: Ground out 1-3 (Groundball, 13S, EV 67.5 MPH)
|
|
Batting: RHB Dave Lacy
|
0-0: Ground out U3 (Groundball, 3, EV 80.6 MPH)
|
|
Batting: RHB Jesús Pacheco
|
0-0: Ball 1-0: SINGLE (Line Drive, 89S, EV 90.6 MPH)
|
|
Batting: RHB Ismael Ramírez
|
0-0: Fielders Choice at 2nd, 6-4 (Groundball, 6, EV 86.9 MPH)
|
| Bottom of the 9th over - 0 runs, 1 hit, 0 errors, 1 left on base; Chicago 4 - Tampa Bay 4 |
|